 Dungeon Crawl Stone Soup version 0.29.1-1-gd02db6906a (webtiles) character file.

Game seed: 5267234197430075804

151 virigoth the Chopper (level 5, -8/46 HPs)
             Began as a Minotaur Berserker on Sept 18, 2022.
             Was a Believer of Trog.
             Mangled by an ogre
             ... wielding a +0 giant spiked club
              (21 damage)
             ... on level 4 of the Dungeon.
             The game lasted 00:10:33 (2315 turns).

virigoth the Chopper (Minotaur Berserker)           Turns: 2315, Time: 00:10:34

Health: -8/46      AC: 14    Str: 21    XL:     5   Next: 11%
Magic:  4/4        EV:  7    Int:  6    God:    Trog [**....]
Gold:   123        SH:  0    Dex: 10    Spells: 4/4 levels left

rFire   . . .      SeeInvis .   o - +0 short sword
rCold   . . .      Faith    .   (no shield)
rNeg    . . .      Spirit   .   g - +0 plate armour
rPois   .          Reflect  .   (helmet restricted)
rElec   .          Harm     .   (no cloak)
rCorr   .          Rampage  .   (no gloves)
Will    .....                   e - +2 pair of boots
Stlth   ..........              c - amulet of regeneration
HPRegen 0.95/turn               (no ring)
MPRegen 0.09/turn               (no ring)

@: studying Short Blades
A: horns 2, retaliatory headbutt
a: Renounce Religion, Berserk, Trog's Hand


You were on level 4 of the Dungeon.
You worshipped Trog.
Trog was pleased with you.
You visited 1 branch of the dungeon, and saw 4 of its levels.

You collected 123 gold pieces.

Inventory:

Hand Weapons
 a - a +0 hand axe
 o - a +0 short sword (weapon)
Armour
 b - a +0 animal skin
 e - a +2 pair of boots (worn)
 f - a +1 ring mail
 g - a +0 plate armour (worn)
Jewellery
 c - an amulet of regeneration (around neck)
Scrolls
 d - 2 scrolls of enchant armour
 j - a scroll of teleportation
 k - a scroll of identify
 m - a scroll of butterflies {unknown}
Potions
 h - a potion of ambrosia
 i - a potion of cancellation {unknown}
 l - a potion of heal wounds {unknown}


   Skills:
 - Level 4.1 Fighting
 * Level 4.0 Short Blades
 - Level 4.4 Axes
 - Level 3.1 Armour
 + Level 3.6 Dodging


You had 4 spell levels left.
You didn't know any spells.
Your spell library was empty.

Dungeon Overview and Level Annotations

Branches:
Dungeon (4/15)
 Temple: D:4-7

Altars:

Annotations:
D:4 Menkaure


Innate Abilities, Weirdness & Mutations

You have a pair of horns on your head.
You reflexively headbutt those who attack you in melee.


Message History

Trog accepts your kill.
A kobold comes into view. It is wielding a +0 dagger.
The kobold shouts!
The ogre barely misses you.
The kobold moves out of view.
You barely miss the ogre. Your headbutt misses the ogre.
The ogre hits you with a +0 giant spiked club.
You barely miss the ogre. You headbutt the ogre.
The ogre is lightly wounded.
Menkaure, Prince of Dust comes into view.
You hit the ogre.
The ogre is moderately wounded.
The ogre hits you with a +0 giant spiked club!
You hit the ogre. Your headbutt misses the ogre.
The ogre is moderately wounded.
The ogre hits you with a +0 giant spiked club!!
* * * LOW HITPOINT WARNING * * *
The kobold hits you but does no damage.
You are too injured to fight recklessly!
The kobold attacks as you move away! The kobold hits you but does no damage.
You are too injured to fight recklessly!
You are too injured to fight recklessly!
You are too injured to fight recklessly!
You are too injured to fight recklessly!
You are too injured to fight recklessly!
You hit the kobold.
The kobold is heavily wounded.
You hit the kobold but do no damage. You headbutt the kobold.
You kill the kobold!
Trog accepts your kill.
You barely miss the ogre. Your headbutt misses the ogre.
The ogre is lightly wounded.
The ogre closely misses you.
You hit the ogre but do no damage. You headbutt the ogre!
The ogre is heavily wounded.
Menkaure gestures wildly while chanting.
Menkaure seems to speed up.
You hit the ogre but do no damage. You headbutt the ogre!
The ogre is severely wounded.
The ogre hits you with a +0 giant spiked club!!
You die...

....... .....
### ..... ...
...###+# #..
.......# # #.#
#......# #.
#.# #.M..#
#..##.####O#
#.........@#
#.###.######
## #.#<...#
....###.####.#
#.....####.#
#..........#
############


You could see an ogre and Menkaure (fast).

Vanquished Creatures
  Natasha (twice) (D:3)
  2 adders
  2 dart slugs
  7 endoplasms
  4 giant cockroaches
  5 goblins
  10 hobgoblins
  5 quokkas
  9 ball pythons
  7 bats
  8 frilled lizards
  9 kobolds
  3 rats
73 creatures vanquished.

Vanquished Creatures (others)
  A fungus (D:1)
1 creature vanquished.

Grand Total: 74 creatures vanquished

Notes
Turn   | Place    | Note
-------+----------+-------------------------------------------
     0 | D:1      | virigoth the Minotaur Berserker began the quest for the
                  | Orb.
     0 | D:1      | Reached XP level 1. HP: 19/19 MP: 0/0
   124 | D:1      | Reached XP level 2. HP: 27/27 MP: 1/1
   311 | D:1      | Reached ** piety under Trog
   345 | D:1      | Reached XP level 3. HP: 33/33 MP: 2/2
  1322 | D:2      | Reached skill level 1 in Short Blades
  1597 | D:2      | Reached XP level 4. HP: 40/40 MP: 3/3
  1613 | D:2      | Identified the +0 ring mail of Follow the Leader {MP+9
                  | Str+5}
  1815 | D:3      | Noticed Natasha
  1837 | D:3      | Killed Natasha
  2234 | D:3      | Noticed Natasha
  2246 | D:3      | Killed Natasha
  2247 | D:3      | Reached XP level 5. HP: 41/46 MP: 4/4
  2298 | D:4      | Noticed an ogre
  2307 | D:4      | Noticed Menkaure
  2315 | D:4      | Mangled by an ogre

Illustrated notes

Levels and vault maps discovered:
D:1:      onia_arrival_mini_maze, layout_basic, minmay_nonomino_d4
D:2:      layout_loops_corners, serial_rivers, chequers_serial_rivers_micro_d,
          chequers_serial_rivers_small_3, chequers_serial_rivers_micro_c,
          chequers_serial_rivers_micro_d
D:3:      layout_rooms, minmay_misc_feat_diagonals, uniq_natasha
D:4:      layout_basic, mainiacjoe_overflow_chevrons, uniq_menkaure,
          uniq_blork_the_orc

Skill      XL: |  1  2  3  4  5 |
---------------+----------------+-----
Axes           | 4 |  4.4
Fighting       | 4 |  4.1
Armour         | 3 |  3.1
Dodging        | 3 |  3.6
Short Blades   | 1 3 4 |  4.0

Action                   |  1- 3 |  4- 6 || total
-------------------------+-------+-------++-------
Melee: Hand axe          |    79 |       ||    79
       Headbutt          |    12 |    19 ||    31
       Short sword       |    23 |    99 ||   122
       Dagger            |    18 |       ||    18
  Use: Scroll            |     3 |     6 ||     9
Armor: Animal skin       |    14 |       ||    14
       Ring mail         |    42 |    24 ||    66
       Plate armour      |       |    47 ||    47
Dodge: Dodged            |    70 |    65 ||   135
